 Dungeon Crawl Stone Soup version 0.25-b1-39-g0d900dab71 (webtiles) character file.

Game seed: 378171478991565462

376847 HoaS the Wrestler (level 22, -14/158 HPs)
             Began as a Gargoyle Berserker on June 6, 2020.
             Was the Champion of Trog.
             Killed from afar by a hellion (21 damage)
             ... with damnation
             ... on level 5 of the Depths on June 7, 2020.
             The game lasted 02:14:24 (51155 turns).

HoaS the Wrestler (Gargoyle Berserker)             Turns: 51155, Time: 02:14:25

Health: -14/158    AC: 52    Str: 26    XL:     22   Next: 79%
Magic:  22/22      EV: 35    Int:  9    God:    Trog [******]
Gold:   2603       SH:  0    Dex: 13    Spells: 21/21 levels left

rFire    . . .     SeeInvis .     - Unarmed
rCold    + . .     Gourm    .   (no shield)
rNeg     + . .     Faith    .   v - +5 shadow dragon scales
rPois    ∞         Spirit   .   n - +2 helmet
rElec    +         Reflect  .   V - +2 cloak {rC+}
rCorr    .         Harm     .   C - +3 pair of gloves of Vexation {Regen+}
MR       +....                  E - +2 pair of boots {run}
Stlth    ++........             O - amulet of the acrobat
HPRegen  0.76/turn              Y - +4 ring of evasion
MPRegen  0.18/turn              Q - +4 ring of evasion

@: about to teleport, acrobat, flying, quick
A: big wings, negative energy resistance 1, electricity resistance, unbreathing,
petrification resistance, rot immunity, AC +16
}: 2/15 runes: decaying, serpentine
a: Stop Flying, Berserk, Trog's Hand, Brothers in Arms, Renounce Religion


You were on level 5 of the Depths.
You worshipped Trog.
Trog was exalted by your worship.
You were not hungry.

You visited 7 branches of the dungeon, and saw 37 of its levels.
You also visited: Ice Cave.

You collected 8372 gold pieces.
You spent 5769 gold pieces at shops.

Inventory:

Missiles
 Z - 584 arrows
Armour
 n - a +2 helmet (worn)
 v - +5 shadow dragon scales (worn)
 C - the +3 pair of gloves of Vexation (worn) {Regen+}
   (You found it on level 4 of the Depths)

   It increases your rate of regeneration.
 E - a +2 pair of boots of running (worn)
 V - a +2 cloak of cold resistance (worn)
Jewellery
 a - an uncursed ring of protection from magic
 c - an uncursed ring of see invisible
 g - an uncursed ring of protection from magic
 h - the ring of the Wizarding Ancients {rPois rC+}
   (You found it on level 1 of the Lair of Beasts)

   [ring of poison resistance]

   It protects you from cold.
   It protects you from poison.
 m - the ring "Uletirra" {Fire rN++ Int+4 Stlth+}
   (You found it on level 1 of the Lair of Beasts)

   [ring of fire]

   It enhances your fire magic.
   It affects your intelligence (+4).
   It protects you from fire.
   It makes you vulnerable to cold.
   It greatly protects you from negative energy.
   It makes you more stealthy.
 r - an uncursed ring of positive energy
 w - an uncursed ring of resist corrosion
 A - the ring "Tanoerot" {Ice rN+ Str+2}
   (You found it on level 4 of the Dungeon)

   [ring of ice]

   It enhances your ice magic.
   It affects your strength (+2).
   It makes you vulnerable to fire.
   It protects you from cold.
   It protects you from negative energy.
 H - an uncursed ring of fire
 M - an uncursed ring of positive energy
 O - an amulet of the acrobat (around neck)
 Q - a +4 ring of evasion (right hand)
 Y - a +4 ring of evasion (left hand)
Wands
 y - a wand of acid (39)
 I - a wand of iceblast (32)
 L - a wand of random effects (57)
Scrolls
 f - 12 scrolls of teleportation
 j - 2 scrolls of silence
 q - 2 scrolls of fear
 t - 15 scrolls of remove curse
 u - 5 scrolls of identify
 B - 16 scrolls of blinking
 F - 2 scrolls of fog
 G - a scroll of brand weapon {unknown}
 U - 2 scrolls of magic mapping
Potions
 d - 8 potions of might
 e - 5 potions of heal wounds
 i - 10 potions of flight
 k - 3 potions of resistance
 l - 8 potions of haste
 o - 17 potions of curing
 p - 2 potions of berserk rage
 x - 3 potions of lignification
 z - 9 potions of mutation
 D - 4 potions of invisibility
 J - 6 potions of cancellation
 P - a potion of ambrosia
 W - 3 potions of magic
Comestibles
 b - 51 rations


   Skills:
 * Level 22.8 Fighting
 + Level 12.1 Armour
 + Level 6.7 Dodging
 * Level 26.2 Unarmed Combat


You had 21 spell levels left.
You didn't know any spells.
Your spell library was empty.

Dungeon Overview and Level Annotations

Branches:
Dungeon (15/15)            Temple (0/1) D:4            Lair (6/6) D:10
  Swamp (4/4) Lair:4        Snake (4/4) Lair:2        Slime (0/5) Lair:5
    Orc (2/2) D:11            Elf (1/3) Orc:2        Vaults (0/5) D:14
 Depths (5/5) D:15            Zot (0/5) Depths:5      IceCv (visited)

Altars:
Ashenzari
Cheibriados
Dithmenos
Elyvilon
Gozag
Kikubaaqudgha
Makhleb
Okawaru
Qazlal
Ru
Sif Muna
Trog
Wu Jian
Xom
The Shining One
Beogh
Jiyva

Shops:
D:9 !   D:10 ?   Orc:2 =[(}*   Snake:1 *?:(   Snake:4 }=}(

Portals:
Hell: Depths:1 Depths:2 Depths:3 Depths:4 Depths:5
Abyss: Depths:2 Depths:4 Depths:5
Pandemonium: Depths:2 Depths:3
Ziggurat: Depths:4
Trove: D:13 (give 4 scrolls of fear)

Annotations:
D:11 2 transporters, agentgt's ghost, novice CeCK
Lair:3 exclusion: 4 oklob plants


Innate Abilities, Weirdness & Mutations

You are resistant to torment.
Your stone body is resilient. (AC +16)
You are immune to poison.
Your large and strong wings let you fly indefinitely.
You resist negative energy. (rN+)
You are resistant to electric shocks. (rElec)
You can survive without breathing.
You are immune to petrification.
You are immune to rotting.


Message History

The hellion gestures at you.
The sphere of damnation explodes!
The damnation engulfs you!
* * * LOW HITPOINT WARNING * * *
Your deep troll goes berserk!
You feel quite a bit more hungry. The blizzard demon closely misses you.
The blizzard demon misses you. The crimson imp puffs mist at you.
The hellion gestures at you.
The sphere of damnation explodes!
The damnation engulfs you!
* * * LOW HITPOINT WARNING * * *
The damnation engulfs your deep troll!!
You swap places.
Your deep troll bites the blizzard demon!!
Your deep troll claws the blizzard demon!
Your deep troll claws the blizzard demon!!
The blizzard demon dies!
Trog accepts your kill. The hellion gestures at you.
The sphere of damnation explodes!
The damnation engulfs you!!
You die...

.###..# ##..# #..## ..#
. ...'..# #..## #...# 2.
.. .###.## ##..#
#...##.##.. ##...#
#######..## #....#5#...
...### #.....##..#
....5..... ####
#.....##..# ##.......#
.# +.....'...#
#......... ...#
#.....#########...#.#...
...# #......@T..25122.##
# ...#
##############5..# ####
#..## #..# ## #..#
.###### #..# ......#
#..# .####.# #..#
.#.<#.# #..#


You could see an Ice Fiend, a blizzard demon, a hellion, a crimson imp, a white
imp and a friendly deep troll (summoned, berserk).

Vanquished Creatures
  Mara (Swamp:3)
  3 greater mummies (Depths:4)
  Bai Suzhen (Swamp:4)
  the Lernaean hydra (Swamp:4)
  Jory (Depths:5)
  2 golden dragons
  A bone dragon (Depths:5)
  A Brimstone Fiend (Depths:5)
  3 liches (Depths:3)
  Jorgrun (D:12)
  A storm dragon (Depths:5)
  11 nagarajas
  A tengu reaver (Depths:1)
  A shadow dragon (Depths:3)
  A draconian monk (Depths:5)
  Roxanne (Snake:4)
  5 frost giants
  A draconian knight (Depths:5)
  6 fire giants
  An orc warlord (Orc:1)
  3 balrugs
  Louise (Depths:2)
  2 spriggan defenders (Depths:3)
  4 very ugly things
  2 juggernaut skeletons
  2 vampire knights
  8 stone giants
  2 white draconians (Depths:5)
  7 spark wasps
  Nessos (Lair:4)
  A green draconian (Depths:5)
  A purple draconian (Depths:5)
  A red draconian (Depths:5)
  Snorg (D:14)
  A merfolk javelineer (Depths:4)
  The ghost of Kubamp the Thaumaturge, a journeyman DEAE of Sif Muna (Lair:3)
  2 mummy priests (Depths:4)
  9 ettins
  Josephine (D:14)
  A blizzard demon (Depths:5)
  6 jiangshi
  A merfolk impaler (Depths:4)
  7 fire dragons
  A fire dragon (shapeshifter) (Depths:5)
  5 great orbs of eyes
  12 hydras
  4 ice dragons
  A hell beast (Depths:1)
  4 yaktaur captains
  16 naga warriors
  3 spriggan air magi
  6 rakshasas
  A shambling mangrove (Swamp:4)
  A monstrous demonspawn (Depths:2)
  A death knight (D:14)
  8 two-headed ogres
  17 anacondas
  6 centaur warriors
  18 alligators
  2 ghost crabs
  A two-headed ogre (shapeshifter) (D:14)
  5 deep troll shamans
  3 deep troll earth magi (Depths:3)
  5 tengu warriors
  2 vampire magi
  5 spriggan berserkers
  3 orc high priests (Orc:2)
  3 ogre magi
  2 sun demons
  Urug (Lair:1)
  22 naga sharpshooters
  2 hell knights
  A storm dragon zombie (Depths:4)
  9 shock serpents
  The ghost of raph the Thaumaturge, a novice DEWz of Vehumet (Lair:1)
  7 salamander mystics
  4 iron trolls
  A golden dragon zombie (Depths:4)
  A spectral death yak (Lair:3)
  3 skeletal warriors
  12 swamp dragons
  3 unseen horrors
  2 flayed ghosts
  A spriggan druid (Swamp:4)
  A spectral hydra (Lair:3)
  A deep troll (shapeshifter) (Depths:4)
  4 glowing orange brains
  11 deep trolls
  A phantasmal warrior (D:15)
  A wizard (D:15)
  8 naga ritualists
  Pikel (D:7)
  5 orc knights
  5 deep elf magi
  An orange crystal statue (Depths:1)
  3 necromancers
  A fire giant zombie (Depths:3)
  An iron dragon zombie (Depths:4)
  7 lindwurms
  An oklob plant (Lair:3)
  14 mana vipers
  16 ugly things
  12 orc sorcerers
  A manticore (D:15)
  2 elephants (Lair:4)
  20 salamanders
  A manticore (shapeshifter) (D:15)
  A frost giant skeleton (Depths:1)
  10 guardian serpents
  An ice statue (IceCv)
  43 black mambas
  A rust devil (Depths:2)
  A fire giant skeleton (Depths:3)
  23 naga magi
  15 spiny frogs
  A gargoyle (D:13)
  3 rime drakes
  10 komodo dragons
  Maggie (D:6)
  An efreet (D:15)
  A hellion (Depths:5)
  8 yaktaurs
  A hellwing (D:8)
  4 tengu conjurers
  8 tyrant leeches
  A yaktaur skeleton (D:15)
  5 trolls
  16 polar bears
  17 hornets
  4 bog bodies
  14 slime creatures
  7 blink frogs
  2 harpy skeletons (D:14)
  2 spriggan zombies
  An ice dragon zombie (D:15)
  A dream sheep (shapeshifter) (Depths:3)
  6 hippogriffs
  A redback (Lair:6)
  Sigmund (D:2)
  4 shadows
  10 spriggans
  43 yaks
  11 water elementals
  9 wraiths
  7 wyverns
  A human (shapeshifter) (D:14)
  A spectral komodo dragon (Lair:3)
  A hungry ghost (D:11)
  19 vampire mosquitoes
  Menkaure (D:7)
  A neqoxec (Depths:2)
  Edmund (D:6)
  11 swamp worms
  2 wargs
  46 nagas
  A soldier ant (shapeshifter) (Depths:1)
  26 water moccasins
  12 insubstantial wisps
  2 hydra simulacra
  4 sky beasts
  7 black bears
  2 phantoms
  5 porcupines
  29 orc warriors
  7 swamp drakes
  A hornet zombie (D:9)
  7 ice beasts
  A necrophage (D:11)
  4 slaves (D:7)
  7 wolves (IceCv)
  18 ogres
  8 boggarts
  11 crocodiles
  15 centaurs
  An elf simulacrum (Depths:1)
  2 big kobolds
  21 bullfrogs
  A spiny frog simulacrum (Lair:3)
  A water moccasin skeleton (D:10)
  15 wights
  11 killer bees
  A dream sheep simulacrum (Lair:3)
  2 electric eels (Lair:3)
  5 howler monkeys
  A rime drake simulacrum (Lair:1)
  10 crimson imps
  3 centaur zombies
  A komodo dragon simulacrum (Lair:3)
  A torpor snail simulacrum (Lair:1)
  10 hounds
  A jelly (D:11)
  3 bullfrog skeletons
  8 centaur skeletons
  A gnoll shaman (D:8)
  17 orc priests
  An iron imp (Depths:4)
  2 water moccasin simulacra (Lair:1)
  Crazy Yiuf (D:6)
  14 orc wizards
  Jessica (D:2)
  Natasha (twice) (D:4)
  3 iguanas
  5 worker ants
  8 hell rats (Lair:2)
  Ijyb (D:4)
  A yak simulacrum (Lair:1)
  A hound skeleton (D:5)
  Robin (D:2)
  2 howler monkey skeletons
  15 gnolls
  23 adders
  14 river rats (Lair:2)
  4 shadow imps
  4 white imps (Depths:5)
  4 oozes
  2 adder zombies
  An adder skeleton (D:4)
  5 worms
  2 dart slugs
  6 leopard geckos
  65 orcs
  2 ball pythons
  8 giant cockroaches
  18 goblins
  17 hobgoblins
  4 jackals
  26 kobolds
  9 quokkas
  7 bats
  12 frilled lizards (D:1)
  A jackal skeleton (D:7)
  A quokka skeleton (D:7)
  A quokka zombie (D:8)
  19 rats
  6 plants
1413 creatures vanquished.

Vanquished Creatures (collateral kills)
  Vashnia (Snake:3)
  Donald (Orc:1)
  A blizzard demon (Depths:5)
  2 hydras (Swamp:4)
  2 swamp dragons (Swamp:4)
  A mana viper (Snake:2)
  4 elephants (Lair:4)
  3 centaur zombies (D:8)
  3 centaur skeletons (D:8)
  A freezing wraith (D:14)
  A hellwing (D:8)
  A hornet zombie (D:8)
  A boggart (D:14)
  3 shadow imps (D:8)
25 creatures vanquished.

Vanquished Creatures (others)
  A hydra (Swamp:4)
  A deep elf knight (D:14)
  A tyrant leech (Swamp:4)
  A hornet (Swamp:1)
  A spriggan (Swamp:1)
  A white imp (Depths:5)
  A bush (Lair:3)
  5 fungi
  7 plants
19 creatures vanquished.

Grand Total: 1457 creatures vanquished

Notes
Turn   | Place    | Note
-------+----------+-------------------------------------------
     0 | D:1      | HoaS the Gargoyle Berserker began the quest for the Orb.
     0 | D:1      | Reached XP level 1. HP: 14/14 MP: 1/1
   329 | D:1      | Reached XP level 2. HP: 13/19 MP: 2/2
   759 | D:1      | Reached XP level 3. HP: 24/24 MP: 3/3
   900 | D:1      | Reached ** piety under Trog
   900 | D:1      | Reached skill level 4 in Unarmed Combat
  1375 | D:2      | Noticed Sigmund
  1382 | D:2      | Killed Sigmund
  1382 | D:2      | Reached skill level 5 in Unarmed Combat
  1382 | D:2      | Reached XP level 4. HP: 30/30 MP: 4/4
  1382 | D:2      | Reached XP level 5. HP: 34/34 MP: 5/5
  1473 | D:2      | Noticed Jessica
  1480 | D:2      | Killed Jessica
  1480 | D:2      | Reached XP level 6. HP: 40/40 MP: 6/6
  1566 | D:2      | Reached skill level 5 in Fighting
  2011 | D:2      | Noticed Robin
  2170 | D:2      | Killed Robin
  2170 | D:2      | Reached skill level 6 in Unarmed Combat
  2899 | D:3      | Found a shadowy altar of Dithmenos.
  3431 | D:3      | Reached *** piety under Trog
  3808 | D:3      | Reached XP level 7. HP: 44/44 MP: 7/7
  4329 | D:4      | Noticed Ijyb
  4348 | D:4      | Killed Ijyb
  4452 | D:4      | Found a staircase to the Ecumenical Temple.
  4482 | D:4      | Reached **** piety under Trog
  4485 | D:4      | Reached skill level 7 in Unarmed Combat
  4546 | D:4      | Got a smoking lead ring
  4820 | D:4      | Noticed Natasha
  4851 | D:4      | Killed Natasha
  4896 | D:4      | Found a stormy altar of Qazlal.
  5060 | D:4      | Identified a +1 pair of boots of running (You found it on
                  | level 4 of the Dungeon)
  5137 | D:4      | Noticed Natasha
  5143 | D:4      | Killed Natasha
  5365 | D:5      | Entered Level 5 of the Dungeon
  5601 | D:5      | Reached XP level 8. HP: 46/52 MP: 8/8
  5719 | D:5      | Found an opulent altar of Gozag.
  5913 | D:5      | Reached skill level 8 in Unarmed Combat
  6195 | D:5      | Found a burning altar of Makhleb.
  6574 | D:6      | Identified the ring "Tanoerot" {Ice rN+ Str+2} (You found
                  | it on level 4 of the Dungeon)
  6623 | D:6      | Found an opulent altar of Gozag.
  6787 | D:6      | Reached skill level 9 in Unarmed Combat
  6950 | D:6      | Found a runed translucent door.
  6951 | D:6      | Noticed Crazy Yiuf
  6951 | D:6      | Noticed Edmund
  7019 | D:6      | Reached XP level 9. HP: 58/59 MP: 9/9
  7106 | D:6      | Found a bloodstained altar of Trog.
  7153 | D:6      | Found a white marble altar of Elyvilon.
  7259 | D:6      | Noticed Maggie
  7277 | D:6      | Killed Maggie
  7277 | D:6      | Reached skill level 10 in Unarmed Combat
  7363 | D:6      | Killed Crazy Yiuf
  7379 | D:6      | Killed Edmund
  7437 | D:7      | Noticed Menkaure
  7447 | D:7      | Killed Menkaure
  7789 | D:7      | Reached skill level 11 in Unarmed Combat
  7863 | D:7      | Reached XP level 10. HP: 66/66 MP: 10/10
  7890 | D:7      | Reached ***** piety under Trog
  8038 | D:7      | Noticed Pikel
  8051 | D:7      | Killed Pikel
  8392 | D:7      | Reached skill level 12 in Unarmed Combat
  8470 | D:7      | Found an ancient bone altar of Kikubaaqudgha.
  8999 | D:8      | Reached skill level 10 in Fighting
  9262 | D:8      | Found a glowing golden altar of the Shining One.
  9320 | D:8      | Reached skill level 13 in Unarmed Combat
  9331 | D:8      | Reached XP level 11. HP: 69/73 MP: 11/11
  9765 | D:9      | Found a shimmering altar of Xom.
  9765 | D:9      | Found a shimmering altar of Xom.
  9765 | D:9      | Found a shimmering altar of Xom.
  9765 | D:9      | Found a shimmering altar of Xom.
  9765 | D:9      | Found a shimmering altar of Xom.
  9765 | D:9      | Found a shimmering altar of Xom.
  9803 | D:9      | Found a snail-covered altar of Cheibriados.
  9803 | D:9      | Found a shimmering blue altar of Sif Muna.
  9804 | D:9      | Found an ornate altar of the Wu Jian Council.
  9848 | D:9      | Found a sacrificial altar of Ru.
 10091 | D:9      | Found Gehourph's Distillery.
 10202 | D:9      | Found a shattered altar of Ashenzari.
 10240 | D:9      | Found a shimmering altar of Xom.
 10240 | D:9      | Found a shimmering altar of Xom.
 10240 | D:9      | Found a shimmering altar of Xom.
 10240 | D:9      | Found a shimmering altar of Xom.
 10240 | D:9      | Noticed a harpy
 10242 | D:9      | Found a shimmering altar of Xom.
 10242 | D:9      | Found a shimmering altar of Xom.
 10526 | D:9      | Noticed a manticore
 10573 | D:10     | Entered Level 10 of the Dungeon
 10578 | D:10     | Found Huwoteme's Magic Scroll Boutique.
 10656 | D:10     | Reached skill level 14 in Unarmed Combat
 10781 | D:10     | Found a staircase to the Lair.
 10847 | D:10     | Noticed a centaur warrior
 10863 | D:10     | Killed a centaur warrior
 11304 | Lair:1   | Entered Level 1 of the Lair of Beasts
 11349 | Lair:1   | Received a gift from Trog
 11358 | Lair:1   | Noticed Urug
 11392 | Lair:1   | Killed Urug
 11731 | Lair:1   | Found a runed translucent gate.
 11733 | Lair:1   | Found a runed translucent gate.
 11734 | Lair:1   | Found a runed translucent gate.
 11747 | Lair:1   | Reached skill level 15 in Unarmed Combat
 11747 | Lair:1   | Reached XP level 12. HP: 72/81 MP: 12/12
 11817 | Lair:1   | Noticed a four-headed hydra
 11826 | Lair:1   | Killed a four-headed hydra
 12287 | Lair:1   | Got a scintillating amber ring
 12348 | Lair:1   | Identified the ring of the Wizarding Ancients {rPois rC+}
                  | (You found it on level 1 of the Lair of Beasts)
 12652 | Lair:1   | Noticed raph's ghost (novice DEWz)
 13042 | Lair:2   | Received a gift from Trog
 13059 | Lair:2   | Reached skill level 16 in Unarmed Combat
 13512 | Lair:2   | Found a staircase to the Snake Pit.
 14115 | Lair:3   | Found a runed translucent gate.
 14115 | Lair:3   | Found a runed translucent gate.
 14146 | Lair:3   | Found a runed translucent gate.
 14293 | Lair:3   | Noticed Kubamp's ghost (journeyman DEAE)
 15116 | Lair:3   | Reached XP level 13. HP: 88/88 MP: 13/13
 15460 | Lair:4   | Reached ****** piety under Trog
 15512 | Lair:4   | Noticed Nessos
 15523 | Lair:4   | Killed Nessos
 15523 | Lair:4   | Reached skill level 17 in Unarmed Combat
 15813 | Lair:4   | Found a staircase to the Swamp.
 15826 | Lair:4   | Received a gift from Trog
 17176 | Lair:5   | Found a viscous altar of Jiyva.
 17176 | Lair:5   | Found a staircase to the Slime Pits.
 17290 | Lair:6   | Entered Level 6 of the Lair of Beasts
 17571 | Lair:6   | Identified 3 scrolls of acquirement
 18003 | Lair:3   | Killed Kubamp's ghost
 18240 | Lair:1   | Reached skill level 18 in Unarmed Combat
 18251 | Lair:1   | Killed raph's ghost
 18285 | Lair:1   | Got the ring "Uletirra" {Fire}
 18287 | Lair:1   | Identified the ring "Uletirra" {Fire rN++ Int+4 Stlth+}
                  | (You found it on level 1 of the Lair of Beasts)
 18356 | D:10     | Bought a scroll of acquirement for 780 gold pieces
 18356 | D:10     | Bought a scroll of acquirement for 780 gold pieces
 18357 | D:10     | Got the +0 crystal plate armour of Heeqo {rElec}
 18477 | D:11     | Found a staircase to the Orcish Mines.
 18735 | D:11     | Found a bloodstained altar of Trog.
 18735 | D:11     | Noticed agentgt's ghost (novice CeCK)
 18743 | D:11     | Found a transporter.
 18745 | D:11     | Found a transporter.
 19141 | Orc:1    | Entered Level 1 of the Orcish Mines
 19177 | Orc:1    | Found a roughly hewn altar of Beogh.
 19297 | Orc:2    | Entered Level 2 of the Orcish Mines
 19297 | Orc:2    | Noticed Donald
 19319 | Orc:1    | Killed Donald
 19319 | Orc:1    | Received a gift from Trog
 19319 | Orc:1    | Gained mutation: Your large and strong wings let you fly
                  | indefinitely. [Gargoyle growth]
 19319 | Orc:1    | Reached XP level 14. HP: 57/96 MP: 14/14
 19574 | Orc:2    | Paralysed by an orc sorcerer for 4 turns
 20045 | Orc:2    | Paralysed by an orc sorcerer for 6 turns
 20068 | Orc:2    | Reached skill level 15 in Fighting
 20089 | Orc:2    | Found Ceklar's Antique Armour Boutique.
 20455 | Orc:2    | Found Xuyd's Antique Weapon Shoppe.
 20515 | Orc:2    | Found Dodwaitz's Gadget Shoppe.
 20574 | Orc:2    | Found a staircase to the Elven Halls.
 20773 | Orc:2    | Found Vijarghi's General Store.
 20791 | Orc:2    | Bought a scroll of identify for 28 gold pieces
 20792 | Orc:2    | Reached skill level 19 in Unarmed Combat
 20792 | Orc:2    | Reached XP level 15. HP: 103/103 MP: 15/15
 20793 | Orc:2    | Reached XP level 16. HP: 110/110 MP: 16/16
 20857 | Orc:2    | Found Qetiackutt's Jewellery Boutique.
 20865 | Orc:2    | Paralysed by an orc sorcerer for 2 turns
 21457 | Orc:2    | Bought an uncursed ring of protection from magic for 425
                  | gold pieces
 21694 | Orc:1    | Received a gift from Trog
 22245 | D:12     | Reached skill level 20 in Unarmed Combat
 22420 | D:12     | Noticed Jorgrun
 22430 | D:12     | Killed Jorgrun
 22780 | D:13     | Found a portal to a secret trove of treasure.
 23340 | D:13     | Received a gift from Trog
 23649 | D:14     | Noticed Josephine
 23663 | D:14     | Killed Josephine
 23690 | D:14     | Found a frozen archway.
 23707 | IceCv    | Entered an ice cave
 24656 | D:14     | Reached XP level 17. HP: 70/116 MP: 17/17
 25186 | D:14     | Reached skill level 21 in Unarmed Combat
 25466 | D:14     | Noticed Snorg
 25474 | D:14     | Killed Snorg
 25577 | D:14     | Received a gift from Trog
 25934 | D:14     | Found a gate to the Vaults.
 26248 | D:15     | Entered Level 15 of the Dungeon
 26683 | D:15     | Found a staircase to the Depths.
 27445 | D:15     | Found a glowing golden altar of the Shining One.
 27909 | D:15     | Received a gift from Trog
 28232 | Swamp:1  | Entered Level 1 of the Swamp
 28768 | Swamp:1  | Reached skill level 22 in Unarmed Combat
 29597 | Swamp:2  | Received a gift from Trog
 30388 | Swamp:3  | Reached XP level 18. HP: 117/125 MP: 18/18
 30711 | Swamp:3  | Noticed Mara
 30745 | Swamp:3  | Killed Mara
 31260 | Swamp:4  | Entered Level 4 of the Swamp
 31403 | Swamp:4  | Noticed Bai Suzhen
 31442 | Swamp:4  | Killed Bai Suzhen
 31689 | Swamp:4  | Noticed the 27-headed Lernaean hydra
 31705 | Swamp:4  | Killed the 26-headed Lernaean hydra
 31705 | Swamp:4  | Reached skill level 23 in Unarmed Combat
 32568 | Swamp:4  | Got a decaying rune of Zot
 33359 | Snake:1  | Entered Level 1 of the Snake Pit
 33368 | Snake:1  | Upgraded the game from 0.25-b1-37-g2669288c55 to
                  | 0.25-b1-39-g0d900dab71
 33670 | Snake:1  | Found Oledos Taci's General Store.
 33671 | Snake:1  | Found Xol Dip's Book Shop.
 33671 | Snake:1  | Found Xockiux's Magic Scroll Boutique.
 33676 | Snake:1  | Bought a scroll of teleportation for 33 gold pieces
 33676 | Snake:1  | Bought a ration for 55 gold pieces
 33676 | Snake:1  | Bought a ration for 55 gold pieces
 33676 | Snake:1  | Found Jaxkoqa's Antique Weapon Shop.
 33689 | Snake:1  | Bought a scroll of identify for 24 gold pieces
 33689 | Snake:1  | Bought a scroll of identify for 24 gold pieces
 33689 | Snake:1  | Bought a scroll of teleportation for 36 gold pieces
 33689 | Snake:1  | Bought a scroll of teleportation for 36 gold pieces
 33689 | Snake:1  | Bought a scroll of blinking for 90 gold pieces
 33689 | Snake:1  | Bought a scroll of blinking for 90 gold pieces
 33760 | Snake:1  | Received a gift from Trog
 35001 | Snake:2  | Reached XP level 19. HP: 133/133 MP: 19/19
 36024 | Snake:3  | Reached skill level 24 in Unarmed Combat
 36053 | Snake:3  | Received a gift from Trog
 37991 | Snake:4  | Entered Level 4 of the Snake Pit
 37991 | Snake:4  | Found Oqilig's Antique Weapon Emporium.
 38017 | Snake:4  | Reached skill level 5 in Armour
 38123 | Snake:4  | Received a gift from Trog
 38248 | Snake:4  | Noticed Vashnia
 38591 | Snake:3  | Killed Vashnia
 39009 | Snake:4  | Identified Roxanne's Collected Works on Shape Shifting
 39009 | Snake:4  | Noticed Roxanne
 39033 | Snake:4  | Killed Roxanne
 39215 | Snake:4  | Found Zar Voi's Gadget Shop.
 39216 | Snake:4  | Found Pocun's Jewellery Emporium.
 39217 | Snake:4  | Found Zaebreela's Gadget Shop.
 39227 | Snake:4  | Bought an uncursed ring of protection from magic for 325
                  | gold pieces
 39765 | Snake:4  | Reached XP level 20. HP: 140/140 MP: 20/20
 39866 | Snake:4  | Received a gift from Trog
 40827 | Snake:4  | Received a gift from Trog
 41123 | Snake:4  | Got a serpentine rune of Zot
 41424 | Orc:2    | Bought glowing shadow dragon scales for 2988 gold pieces
 41458 | Elf:1    | Entered Level 1 of the Elven Halls
 41591 | Depths:1 | Entered Level 1 of the Depths
 42112 | D:15     | Reached skill level 25 in Unarmed Combat
 43098 | Depths:1 | Found a gateway to Hell.
 43103 | Depths:1 | Received a gift from Trog
 43601 | Depths:1 | Identified the +8 dagger of Jynaopat {drain, MP-9 Dex+4}
 43601 | Depths:1 | Identified the amulet of Ysyvoxec {Faith Dex+3}
 43602 | Depths:1 | Identified the +13 plate armour "Top Redo" {+Fly Str+4
                  | Dex-3}
 44454 | Depths:2 | Reached XP level 21. HP: 131/148 MP: 21/21
 44621 | Depths:2 | Noticed Louise
 44636 | Depths:2 | Killed Louise
 44645 | Depths:2 | Found a one-way gate to the infinite horrors of the Abyss.
 44677 | Depths:2 | Reached skill level 10 in Armour
 45504 | Depths:2 | Found a one-way gate leading to the halls of Pandemonium.
 47064 | Depths:3 | Noticed a golden dragon
 47088 | Depths:3 | Killed a golden dragon
 47905 | Depths:4 | Found a gateway to a ziggurat.
 47915 | Depths:3 | Reached skill level 5 in Dodging
 48196 | Depths:4 | Received a gift from Trog
 48274 | Depths:4 | Reached XP level 22. HP: 140/156 MP: 22/22
 48486 | Depths:4 | Noticed a golden dragon
 48493 | Depths:4 | Killed a golden dragon
 48816 | Depths:4 | Noticed a greater mummy
 48831 | Depths:4 | Killed a greater mummy
 48961 | Depths:4 | Noticed a greater mummy
 48981 | Depths:4 | Killed a greater mummy
 48981 | Depths:4 | Reached skill level 26 in Unarmed Combat
 49390 | Depths:4 | Got a pair of slimy gloves
 49401 | Depths:4 | Identified the +3 pair of gloves of Vexation {Regen+} (You
                  | found it on level 4 of the Depths)
 49613 | Depths:4 | Noticed a greater mummy
 49614 | Depths:4 | Found the +7 sceptre of Torment {pain, torment}
 49639 | Depths:4 | Killed a greater mummy
 49728 | Depths:4 | Found an iron altar of Okawaru.
 50206 | Depths:5 | Entered Level 5 of the Depths
 50295 | Depths:5 | Noticed Jory
 50323 | Depths:5 | Killed Jory
 50559 | Depths:5 | Received a gift from Trog
 50796 | Depths:5 | Found a gate to the Realm of Zot.
 51154 | Depths:5 | HP: 6/158 [hellion/damnation (15)]
 51155 | Depths:5 | Killed from afar by a hellion

Illustrated notes

Levels and vault maps discovered:
D:1:      eino_arrival_cavern_c, layout_loops_ring, fountainhead,
          minmay_lizard_pond
D:2:      layout_basic, first_ration, serial_forest, infiniplex_forest_lined_2,
          infiniplex_forest_pool, infiniplex_forest_lined_corner,
          infiniplex_forest_zigzag_2, infiniplex_forest_end_3,
          infiniplex_forest_lined_corner, minmay_pentomino_t4, uniq_sigmund,
          uniq_robin, uniq_jessica
D:3:      minmay_razor_zed, layout_basic, grunt_dithmenos_smoke_and_mirrors
D:4:      layout_loops_ring, minmay_temple_entry_sparse_star,
          grunt_qazlal_sundering, uniq_ijyb, uniq_natasha
D:5:      layout_loops_corners, makhleb_grotto_becter, grunt_gozag_statues
D:6:      layout_basic, trog_ov_bears_minmay, elyvilon_altar_1, basic_altar,
          grunt_ministairs_1, uniq_maggie, uniq_crazy_yiuf_cottage, uniq_edmund
D:7:      corexii_shack_village, layout_layer_cave, old_standard_altar,
          minmay_holes, uniq_pikel, uniq_menkaure
D:8:      cheibrodos_grave_circle, layout_basic, lemuel_crystal_altar
D:9:      layout_roguey, kennysheep_mini_moat, xom_shifter_show,
          nicolae_overflow_crystal_walls, gammafunk_temple_overflow_forgotten,
          serial_shops, shop
D:10:     layout_basic, dpeg_oklobed_lair, serial_shops, shop
D:11:     layout_rooms, david_orc_3, gammafunk_ghost_wrathful_warriors,
          grunt_pizzeria, minmay_misc_feat_nine_boxes
D:12:     layout_rooms, uniq_jorgrun
D:13:     layout_long_grid, trove_entry_hex_spiral, kennysheep_generic_room_13
D:14:     layout_long_grid, hangedman_vaults_entry_quadrant_bands, hex_tiny,
          portal_ice_cave_entry_pillars_1, uniq_josephine, uniq_snorg
D:15:     gammafunk_depths_entry_grave, layout_basic, hangedman_decor_lopped,
          tso_altar
Lair:1:   layout_long_grid, gammafunk_ghost_icy, serial_bayou_shore_b, uniq_urug
Lair:2:   lemuel_ratsnest, layout_cave_pods, minmay_snake_entry_six_corridors,
          infiniplex_staircase_pool_2, lemuel_fruit_fields
Lair:3:   layout_regular_city, gammafunk_ghost_necromancy, st_stairs_7,
          minmay_lair_oklob_chamber, infiniplex_staircase_pool,
          grunt_megastairs_3
Lair:4:   layout_regular_city, swamp_mist, uniq_nessos
Lair:5:   layout_small_grid, dpeg_slime_entry_enclosed_altar
Lair:6:   hangedman_lair_caniforms_friends, layout_cave_pods,
          hangedman_lair_tendril_chambers, maelrawn_ghost_gauntlet_escape,
          dpeg_oklob_1
Swamp:1:  layout_basic_swamp, evilmike_swamp_ruin_house_6, swamp_pool5
Swamp:2:  layout_basic_swamp, nicolae_swamp_fairy_circle
Swamp:3:  layout_basic_swamp, hangedman_swamp_ruin_hall, swamp_pool1, uniq_mara
Swamp:4:  swamp_alternative, layout_basic_swamp, uniq_bai_suzhen
Snake:1:  layout_gridlike, minmay_shoptagon
Snake:2:  layout_misc_corridors, drop_trap
Snake:3:  layout_cave_town
Snake:4:  snake_pit_salamanders_mu, layout_misc_corridors, serial_shops, shop,
          minmay_shop_grove, lemuel_fruit_tree, uniq_roxanne, uniq_vashnia
Orc:1:    layout_caves, basic_altar
Orc:2:    grunt_orc_gardens, layout_caves, grunt_orc_garden, grunt_orc_garden,
          grunt_orc_garden, grunt_orc_garden, serial_shops, shop_statue,
          uniq_donald
Elf:1:    minmay_elf_arrival_summoners, layout_geoelf_diagonals, serial_shops,
          nicolae_shop_statue_plus, evilmike_minifort, billiards_dpeg
Depths:1: layout_cave_pools, chequers_serial_rivers_micro_b,
          grunt_mini_vestibule, horrible_house_mu
Depths:2: minmay_ambush_box, layout_long_grid,
          nicolae_abyss_entry_one_way_or_another, pf_coc_iceberg,
          rand_demon_pan_entry_9, hangedman_decor_riveting,
          infiniplex_staircase_diamond
Depths:3: minmay_broken_ring, layout_gridlike, hangedman_decor_growths,
          pan_entry, hell_entry, infiniplex_staircase_hallway_doors
Depths:4: minmay_guarded_unrand_sceptre_of_torment, layout_basic,
          enter_ziggurat_e, okawaru_ov_weapons_minmay, abyss_entry,
          grunt_hell_entry_dis_old, chequers_serial_rivers_small_3,
          infiniplex_staircase_zigzag_4
Depths:5: grunt_zot_entry_tricorne, layout_basic, abyss_entry_small_statue_room,
          minmay_misc_feat_secret_circle, hell_entry, minmay_fire_ice_demons,
          uniq_jory

Skill      XL: |  1  2  3  4  5  6  7  8  9 10 11 12 13 14 15 16 17 18 19 20 21 22 |
---------------+-------------------------------------------------------------------+-----
Unarmed Combat | 5 6 7 9 11 13 15 16 18 19 20 22 23 24 25 26 | 26.2
Fighting       | 4 5 6 7 9 10 12 13 14 15 16 18 19 20 21 22 | 22.8
Armour         | 6 9 11 12 | 12.1
Dodging        | 3 5 6 |  6.7

Action                   |  1- 3 |  4- 6 |  7- 9 | 10-12 | 13-15 | 16-18 | 19-21 | 22-24 || total
-------------------------+-------+-------+-------+-------+-------+-------+-------+-------++-------
Melee: Unarmed           |   122 |   244 |   452 |   843 |   530 |  1665 |  1655 |   384 ||  5895
       Punch             |     1 |     7 |    19 |    56 |    30 |    97 |   153 |    43 ||   406
Invok: Berserk           |     1 |     1 |       |       |       |     5 |     1 |     1 ||     9
       Trog's Hand       |     1 |       |     2 |     2 |       |     2 |     5 |     2 ||    14
       Brothers in Arms  |       |       |       |     1 |     3 |     4 |     2 |     1 ||    11
 Abil: Fly               |       |       |       |       |     1 |     1 |     1 |     1 ||     4
       Stop Flying       |       |       |       |       |       |     1 |     1 |     1 ||     3
Evoke: Wand              |       |       |       |       |       |       |     2 |       ||     2
  Use: Scroll            |       |       |    16 |     7 |    15 |     9 |     8 |     1 ||    56
       Potion            |       |       |       |       |     4 |     1 |     2 |     2 ||     9
 Stab: Sleeping          |     1 |       |       |       |       |       |     2 |       ||     3
  Eat: Chunk             |     2 |    10 |    13 |    24 |    19 |    36 |    29 |    10 ||   143
       Ration            |       |       |       |       |       |     4 |     5 |     1 ||    10
Armor: Animal skin       |    22 |    54 |       |       |       |       |       |       ||    76
       Ring mail         |       |    30 |    83 |       |       |       |       |       ||   113
       Chain mail        |       |       |    29 |       |       |       |       |       ||    29
       Swamp dragon scal |       |       |    36 |   377 |    34 |       |       |       ||   447
       Plate armour      |       |       |       |       |   118 |       |       |       ||   118
       Crystal plate arm |       |       |       |       |   180 |  1362 |   619 |       ||  2161
       Shadow dragon sca |       |       |       |       |       |       |   444 |   166 ||   610
Dodge: Dodged            |    56 |   145 |   146 |   324 |   189 |   682 |   956 |   209 ||  2707
Block: Other             |       |       |    40 |   167 |    33 |       |       |       ||   240
       Reflection        |       |       |       |     6 |     1 |       |       |       ||     7
